 Dungeon Crawl Stone Soup version 0.20-a0-275-ga90a6c4 (webtiles) character file.

47 Ezendos the Cutter (level 3, 0/40 HPs)
             Began as a Vampire Wanderer on Dec 11, 2016.
             Slain by Robin
             ... wielding a +0 whip
              (2 damage)
             ... on level 2 of the Dungeon.
             The game lasted 00:04:09 (1755 turns).

Ezendos the Cutter (Vampire Wanderer)               Turns: 1755, Time: 00:04:10

Health: 0/40       AC: 21    Str: 14    XL:     3   Next: 48%
Magic:  3/3        EV:  2    Int: 14    God:
Gold:   55         SH:  0    Dex: 11    Spells: 2/2 levels left

rFire  x . .     SeeInvis +     a - +2 short sword
rCold  + . .     Gourm    .     (armour currently unavailable)
rNeg   + + +     Faith    .     (no shield)
rPois  +         Spirit   .     (helmet currently unavailable)
rElec  .         Reflect  .     (cloak currently unavailable)
rCorr  .         Harm     .     (gloves currently unavailable)
MR     .....     NoTele   +     (boots currently unavailable)
Stlth  ++........               l - amulet of inaccuracy (curse)
                                (no ring)
                                i - ring of ice

@: tree-form (expiring)
A: (fangs 0), see invisible, (unbreathing)
a: Bat Form


You were on level 2 of the Dungeon.
You were not thirsty.
You were a tree.
You visited 1 branch of the dungeon, and saw 2 of its levels.

You collected 55 gold pieces.

Inventory:

Hand Weapons
 a - a +2 short sword (weapon)
Armour
 c - a +0 robe (melded)
Jewellery
 i - a ring of ice (left branch)
 l - a cursed amulet of inaccuracy (around neck)
Scrolls
 j - a scroll of recharging
Potions
 b - 3 potions of lignification
 d - 2 potions of blood
 e - a potion of flight


   Skills:
 - Level 1.7 Fighting
 * Level 4.3 Short Blades
 - Level 1.0 Throwing
 + Level 2.5 Dodging
 * Level 2.5 Stealth
 - Level 1.1 Unarmed Combat
   Level 1.0 Evocations


You had 2 spell levels left.
You didn't know any spells.

Dungeon Overview and Level Annotations

Branches:
Dungeon (2/15)

Altars:

Annotations:
D:2 Robin


Innate Abilities, Weirdness & Mutations

((You have razor-sharp teeth.))
You have supernaturally acute eyesight. (SInv)
((You can survive without breathing.))


Message History

The goblin hits you but does no damage. The rat bites you but does no damage.
The goblin hits you but does no damage. x2; The goblin hits you.
* * * LOW HITPOINT WARNING * * *
You hit the goblin.
You kill the goblin!
The goblin hits you but does no damage.
The hobgoblin hits you but does no damage.
Robin throws the goblin at you! The goblin barely misses you.
The rat bites you but does no damage. The goblin hits you but does no damage.
Unknown command.
You puncture the goblin!
You kill the goblin!
The goblin hits you but does no damage.
The hobgoblin hits you but does no damage.
The goblin barely misses you. The rat barely misses you.
The goblin hits you but does no damage.
You hit Robin.
Robin is lightly wounded.
The goblin hits you but does no damage. Robin hits you with a whip.
You die...

#.# ##+# #.# ##.<.##
##.### ##....g## ...#.##
##....g♣g#.#
.#....####.....grgs.#
.........+......gg......
.......# #..........###.
.......# ##.......#!..
..###<.# ##.....######
..###..# ##...##
....#..# ##+# .##.#..#


You could see Robin, a giant cockroach, a hobgoblin, 5 goblins and a rat.

Vanquished Creatures
  3 leopard geckos (D:1)
  8 bats (D:1)
  3 giant cockroaches (D:1)
  9 goblins
  4 hobgoblins (D:1)
  4 jackals (D:1)
  A frilled lizard (D:1)
  3 kobolds (D:1)
  5 rats
40 creatures vanquished.

Notes
Turn   | Place    | Note
-------+----------+-------------------------------------------
     0 | D:1      | Ezendos the Vampire Wanderer began the quest for the Orb.
     0 | D:1      | Ezendos set off with: a +2 short sword, 2 potions of lignification, a +0 robe, a potion of blood
     0 | D:1      | Reached XP level 1. HP: 16/16 MP: 1/1
   548 | D:1      | Reached XP level 2. HP: 4/22 MP: 2/2
   842 | D:1      | Reached skill level 4 in Short Blades
   937 | D:1      | Reached skill level 1 in Stealth
  1104 | D:1      | Reached XP level 3. HP: 22/27 MP: 3/3
  1721 | D:2      | Noticed Robin
  1752 | D:2      | HP: 2/40 [goblin[Robin] (3)]
  1755 | D:2      | Slain by Robin

Vault maps used:
D:1:      evilmike_arrival_rings
D:2:      yredelemnul_altar_generic, uniq_terence, uniq_robin, uniq_natasha

Skill      XL: |  1  2  3 |
---------------+----------+-----
Short Blades   | 4 |  4.3
Stealth        | 1 2 |  2.5
Fighting       | |  1.7
Throwing       | |  1.0
Dodging        | |  2.5
Unarmed Combat | |  1.1
Evocations     | |  1.0

Action                   || total
-------------------------++-------
Melee: Short sword       ||   114
       Punch             ||     2
       Bite              ||     6
  Use: Potion            ||     8
       Scroll            ||     3
 Stab: Sleeping          ||     3
Armor: Robe              ||    23
       Skin              ||   138
Dodge: Dodged            ||    72
